 Dungeon Sprint DCSS version 0.28-a0-938-gbc3f381ebc (webtiles) character file.

Game seed: 15333434055253064530

829 mhtbhm the Basher (level 7, -2/121 HPs)
             Began as a Troll Berserker on Nov 28, 2021.
             Was an Elder of Trog.
             Slain by an unseen horror (5 damage)
             ... in the Dungeon (Sprint IX: "|||||||||||||||||||||||||||||").
             The game lasted 00:00:37 (230 turns).

mhtbhm the Basher (Troll Berserker)                  Turns: 230, Time: 00:00:37

Health: -2/121     AC: 11    Str: 31    XL:     7   Next: 65%
Magic:  6/6        EV: 14    Int:  3    God:    Trog [****..]
Gold:   0          SH:  0    Dex:  9    Spells: 6/6 levels left

rFire   . . .      SeeInvis .   a - +2 morningstar (protect)
rCold   . . .      Faith    .   (no shield)
rNeg    . . .      Spirit   .   b - +0 animal skin
rPois   .          Reflect  .   (helmet restricted)
rElec   .          Harm     .   (no cloak)
rCorr   .          Rampage  .   (gloves unavailable)
Will    .....      NoTele   +   (boots unavailable)
Stlth   ..........              (no amulet)
HPRegen 1.10/turn               k - +3 ring of strength
MPRegen 0.10/turn               l - +2 ring of evasion

@: berserking (expiring), under a protective aura, very quick
A: large, unfitting armour, claws 3, regeneration 1, shaggy fur 1, tough skin 1
a: Renounce Religion, Berserk, Trog's Hand, Brothers in Arms


You were in the Dungeon.
You worshipped Trog.
Trog was greatly pleased with you.
You visited 1 branch

Inventory:

Hand Weapons
 a - a +2 morningstar of protection (weapon)
Armour
 b - a +0 animal skin (worn)
Jewellery
 k - a +3 ring of strength (left claw)
 l - a +2 ring of evasion (right claw)
Wands
 j - a wand of acid (10)
Scrolls
 h - 2 scrolls of blinking
Potions
 c - 5 potions of curing
 d - 3 potions of heal wounds
 e - a potion of haste
 f - 4 potions of magic
 g - a potion of berserk rage
 i - a potion of invisibility


   Skills:
 + Level 8.4 Fighting
 + Level 9.8 Maces & Flails
 + Level 8.5 Dodging


You had 6 spell levels left.
You didn't know any spells.
Your spell library was empty.

Dungeon Overview and Level Annotations

Branches:
Dungeon (1/1)

Altars:
Cheibriados
Dithmenos
Elyvilon
Fedhas
Gozag
Hepliaklqana
Kikubaaqudgha
Makhleb
Nemelex Xobeh
Okawaru
Qazlal
Ru
Sif Muna
Trog
Uskayaw
Vehumet
Wu Jian
Xom
Yredelemnul
Zin
The Shining One
Beogh
Jiyva
Lugonu


Innate Abilities, Weirdness & Mutations

You are too large for most types of armour.
You have claws for hands.
Your natural rate of healing is unusually fast.
You are covered in fur. (AC +1)
You have tough skin. (AC +1)


Message History

You barely miss the two-headed ogre.
The two-headed ogre hits you with a +0 giant club!!
* * * LOW HITPOINT WARNING * * *
The two-headed ogre hits you with a +0 giant club!
* * * LOW HITPOINT WARNING * * *
You sock the two-headed ogre!
The two-headed ogre is moderately wounded.
You impale the two-headed ogre!!
The two-headed ogre is almost dead.
The two-headed ogre misses you.
The two-headed ogre hits you with a +0 giant club!
* * * LOW HITPOINT WARNING * * *
You puncture the two-headed ogre!
You feel the power of Trog in you as your rage grows.
You kill the two-headed ogre!
Trog accepts your kill.
You can now call in reinforcements.
The howler monkey hoots and howls with incredible vigour!
You hear a shout!
Your Fighting skill gained 2 levels and is now at level 8!
Your Maces & Flails skill gained 2 levels and is now at level 9!
Your Dodging skill gained 2 levels and is now at level 8!
You have reached level 6!
Your experience leads to an increase in your attributes!
Your base attributes are Str 26, Int 3, Dex 9.
Increase (S)trength, (I)ntelligence, or (D)exterity?
You feel stronger. x2
You have reached level 7!
You bludgeon the adder zombie!!
You destroy the adder zombie!
Trog accepts your kill.
Unknown command.
Something hits you but does no damage.
Deactivating autopickup; reactivate with Ctrl-A.
You feel a strong urge to attack something.
Something hits you but does no damage.
You see here a +1 chain mail.
Something hits you.
* * * LOW HITPOINT WARNING * * *
Something hits you.
You die... ▓▓▓▓▓▓▓▓▓▓▓▓▓▓▓▓▓▓▓▓▓▓▓▓▓▓▓ __________'.?).[@[..h.K.... ▓▓▓▓▓▓▓▓▓▓▓▓▓▓▓▓▓▓▓▓▓▓▓▓▓▓▓

You could see a kobold brigand and a howler monkey (catching breath).

Vanquished Creatures
  A two-headed ogre (D)
  A yak (D)
  A scorpion (D)
  A jelly (D)
  An adder (D)
  2 adder zombies (D)
  An orc (D)
  A ball python (D)
  2 bats (D)
  A frilled lizard (D)
  A rat (D)
13 creatures vanquished.

Notes
Turn   | Place    | Note
-------+----------+-------------------------------------------
     0 | D        | mhtbhm the Troll Berserker began the quest for the Orb.
     0 | D        | Reached XP level 1. HP: 22/22 MP: 0/0
    11 | D        | Reached skill level 3 in Maces & Flails
    16 | D        | Reached ** piety under Trog
   127 | D        | Noticed a scorpion
   127 | D        | Noticed a jelly
   133 | D        | Reached XP level 2. HP: 31/31 MP: 1/1
   138 | D        | Killed a scorpion
   138 | D        | Reached *** piety under Trog
   139 | D        | Reached skill level 5 in Maces & Flails
   139 | D        | Reached XP level 3. HP: 40/40 MP: 2/2
   139 | D        | Reached XP level 4. HP: 49/49 MP: 3/3
   145 | D        | Reached skill level 5 in Dodging
   153 | D        | Reached skill level 5 in Fighting
   167 | D        | Found a snail-covered altar of Cheibriados.
   167 | D        | Found a shadowy altar of Dithmenos.
   167 | D        | Found a white marble altar of Elyvilon.
   167 | D        | Found a blossoming altar of Fedhas.
   167 | D        | Found an opulent altar of Gozag.
   168 | D        | Found a hazy altar of Hepliaklqana.
   169 | D        | Found a viscous altar of Jiyva.
   170 | D        | Found an ancient bone altar of Kikubaaqudgha.
   171 | D        | Found a corrupted altar of Lugonu.
   172 | D        | Found a burning altar of Makhleb.
   173 | D        | Found a sparkling altar of Nemelex Xobeh.
   174 | D        | Found an iron altar of Okawaru.
   175 | D        | Found a stormy altar of Qazlal.
   176 | D        | Found a sacrificial altar of Ru.
   177 | D        | Found a shimmering blue altar of Sif Muna.
   178 | D        | Found a bloodstained altar of Trog.
   179 | D        | Found a hide-covered altar of Uskayaw.
   180 | D        | Found a radiant altar of Vehumet.
   181 | D        | Found an ornate altar of the Wu Jian Council.
   182 | D        | Found a shimmering altar of Xom.
   183 | D        | Found a basalt altar of Yredelemnul.
   184 | D        | Found a glowing silver altar of Zin.
   185 | D        | Found a glowing golden altar of the Shining One.
   218 | D        | Noticed a yak
   218 | D        | Noticed a two-headed ogre
   218 | D        | Noticed a kobold brigand
   222 | D        | Killed a yak
   223 | D        | Reached skill level 7 in Maces & Flails
   223 | D        | Reached XP level 5. HP: 45/59 MP: 4/4
   225 | D        | HP: 2/88 [two-headed ogre (7)]
   226 | D        | Killed a two-headed ogre
   226 | D        | Reached **** piety under Trog
   227 | D        | Reached skill level 9 in Maces & Flails
   227 | D        | Reached XP level 6. HP: 3/74 MP: 5/5
   227 | D        | Reached XP level 7. HP: 4/81 MP: 6/6
   230 | D        | HP: 3/121 [something (4)]
   230 | D        | Slain by an unseen horror

Illustrated notes

Levels and vault maps discovered:
D:        linesprint [early_d, line_temple, items_1, d_10, items_2, lair_1,
          lair_end, items_3, orc_1, orc_end, items_4, d_15, swamp_1, shoals_1,
          snake_1, spider_1, d_20, vaults_1, items_5, swamp_end, shoals_end,
          snake_end, spider_end, vaults_end, d_27, items_6, zot_1, zot_end,
          crypt_end, forest_end, elf_end, slime_end, tomb_end, abyss_end,
          pan_hell_end]

Skill      XL: |  1  2  3  4  5 |
---------------+----------------+-----
Maces & Flails | 3 5 7 9 |  9.8
Fighting       | 3 4 6 8 |  8.4
Dodging        | 3 4 6 8 |  8.5

Action                   |  1- 3 |  4- 6 |  7- 9 || total
-------------------------+-------+-------+-------++-------
Melee: Mace              |    27 |    13 |       ||    40
       Morningstar       |       |     7 |     1 ||     8
Invok: Berserk           |     1 |     1 |       ||     2
Armor: Animal skin       |    11 |     3 |     2 ||    16
Dodge: Dodged            |    24 |    10 |       ||    34

Table legend: (Time is in decaauts)
 A = Elapsed time spent in this place.
 B = Non-inter-level travel time spent in this place.
 C = Inter-level travel time spent in this place.
 D = Time resting spent in this place.
 E = Time spent auto-exploring this place.
 F = Levels seen in this place.
 G = Mean time per level.
                   A        B        C        D        E       F      G
               +--------+--------+--------+--------+--------+-----+--------+
         Total |    236 |    236 |      0 |    109 |      0 |   1 |  236.0 |
       Dungeon |    236 |    236 |      0 |    109 |      0 |   1 |  236.0 |
               +--------+--------+--------+--------+--------+-----+--------+

Top non-repeatable levels by time:
       D: 236 daAuts
